 Dungeon Crawl Stone Soup version 0.31-a0-102-g33a4ccc0cb (webtiles) character file.

Game seed: 4693144796803114931

1430 frimble the Sneak (level 8, -1/50 (54) HPs)
             Began as an Octopode Warper on May 26, 2023.
             Slain by a wight
             ... wielding a +2 halberd
              (3 damage)
             ... on level 7 of the Dungeon.
             The game lasted 00:05:52 (5504 turns).

frimble the Sneak (Octopode Warper)                 Turns: 5504, Time: 00:05:53

HP:   -1/50 (54)    AC:  1    Str: 10    XL:     8   Next: 73%
MP:   11/11         EV: 11    Int: 18    God:
Gold: 240           SH:  9    Dex: 11    Spells: 9/11 levels left

rFire   . . .        s - +4 scimitar
rCold   . . .        n - +0 kite shield
rNeg    . . .        (helmet restricted)
rPois   .            (no amulet)
rElec   .            p - ring of wizardry
rCorr   .            (no ring)
SInv    .            (no ring)
Will    .....        (no ring)
Stlth   ++++         (no ring)
HPRegen 0.28/turn    (no ring)
MPRegen 0.12/turn    (no ring)
                     (no ring)

%: wizardry (x1)
@: drained
A: almost no armour, amphibious, 8 rings, camouflage 1, gelatinous body 1,
(nimble swimmer 1), tentacles
a: no special abilities


You were on level 7 of the Dungeon.
You visited 1 branch of the dungeon, and saw 7 of its levels.

You collected 240 gold pieces.

Inventory:

Hand Weapons
 a - a +1 short sword
 s - a +4 scimitar (weapon)
Missiles
 c - a boomerang of dispersal (quivered)
Armour
 n - a +0 kite shield (worn)
Jewellery
 p - a ring of wizardry (left tentacle)
Scrolls
 e - a scroll of immolation
 f - 3 scrolls of enchant armour
 g - a scroll of fear
 k - 2 scrolls of enchant weapon
 q - a scroll of vulnerability {unknown}
 r - a scroll of magic mapping {unknown}
Potions
 d - a potion of curing
 h - a potion of invisibility
 i - 2 potions of lignification {unknown}
 j - a potion of heal wounds {unknown}
 l - 2 potions of cancellation
 m - a potion of enlightenment
 o - 3 potions of mutation


   Skills:
 - Level 4.1 Fighting
 + Level 6.5 Short Blades
 - Level 1.0 Throwing
 - Level 2.3 Dodging
 + Level 7.0 Stealth
 + Level 5.4 Shields
 - Level 2.0 Spellcasting
 - Level 3.0 Translocations


You had 9 spell levels left.
You knew the following spells:

 Your Spells              Type           Power      Damage    Failure   Level
a - Blink                 Tloc           24%        N/A       12%         2

Your spell library contained the following spells:

 Spells                   Type           Power      Damage    Failure   Level
 Lesser Beckoning         Tloc           24%        N/A       12%         2
 Teleport Other           Tloc           12%        N/A       24%         3
 Momentum Strike          Conj/Tloc      12%        3d8       26%         2
 Vhi's Electric Charge    Tloc/Air       12%        N/A       43%         3
 Manifold Assault         Tloc           12%        N/A       58%         4
 Passage of Golubria      Tloc           12%        N/A       58%         4
 Stone Arrow              Conj/Erth      0%         3d7       65%         3
 Silence                  Hex/Air        0%         N/A       100%        5
 Lehudib's Crystal Spear  Conj/Erth      0%         10d2      100%        8
 Animate Armour           Summ/Erth      Unusable   N/A       N/A         4

Dungeon Overview and Level Annotations

Branches:
Dungeon (7/15)
 Temple: D:4-7

Altars:

Shops:
D:2 (


Innate Abilities, Weirdness & Mutations

You cannot wear most types of armour.
You are amphibious.
You can wear up to eight rings at the same time.
Your skin changes colour to match your surroundings (Stealth+).
Your rubbery body absorbs attacks. (AC +1, EV +1)
((You are camouflaged when in or above water. (Stealth+)))
You have tentacles for arms and can constrict up to eight enemies at once.


Message History

The wight is severely damaged.
You constrict the wight. The wight closely misses you.
You hit the wight.
Your tentacle-slap misses the wight.
Your squeeze misses the wight.
The wight is almost destroyed.
You constrict the wight. The wight hits you with a +4 scimitar.
You hit the wight.
You destroy the wight!
Your Stealth skill increases to level 7! 2 wights come into view.
A wight is wielding a +2 halberd of freezing.
Things that are here:
a +4 scimitar; a +0 robe
s - a +4 scimitar
s - a +4 scimitar (weapon)
You block the wight's attack. The wight attacks as you move away!
You block the wight's attack. The wight attacks as you move away!
The wight hits you with a +2 great sword!
You hit the wight. You grab the wight.
The wight is lightly damaged.
You constrict the wight, but do no damage.
The wight hits you with a +2 great sword!
You feel drained.
The wight hits you from afar with a +2 halberd!
* * * LOW HITPOINT WARNING * * *
You can't see any enemies this would affect, really read the scroll of fear? [Y]es or [N]o only, please.
You can't see any enemies this would affect, really read the scroll of fear?
Okay, then.
Blink to where?
Press: ? - help, Dir - move target You lose your grip on something.
As you read the scroll of blinking, it crumbles to dust.
An ice beast comes into view.
There is a stone staircase leading up here.
The wight hits you from afar with a +2 halberd!
* * * LOW HITPOINT WARNING * * *
You feel drained.
You die...

#..##.#.## #.#
#..###.#####.#
#....z....##.#
#...#####.##.#
#...# #z...#
#.#.# #...##
#.#Y# #.#.##
#.#.#####z#..#
#.#...@.z.##.#
##########.#
#.# #.# #.#
#.# #..


You could see 2 wights.

Vanquished Creatures
  Prince Ribbit (D:5)
  An ice beast (D:5)
  An ogre (D:5)
  4 phantoms
  Blork the orc (D:5)
  3 scorpions
  A wight (D:7)
  3 hounds
  An orc priest (D:6)
  A sleepcap (D:4)
  An orc wizard (D:5)
  4 iguanas
  A gnoll (D:6)
  10 adders
  3 ufetubi
  3 worms
  3 dart slugs
  8 orcs
  5 endoplasms
  5 hobgoblins
  2 jackals (D:3)
  4 kobolds
  5 quokkas
  5 ball pythons
  2 bats
  A frilled lizard (D:1)
  4 goblins
  3 rats
86 creatures vanquished.

Notes
Turn   | Place    | Note
-------+----------+-------------------------------------------
     0 | D:1      | frimble the Octopode Warper began the quest for the Orb.
     0 | D:1      | Reached XP level 1. HP: 14/14 MP: 3/3
   107 | D:1      | Reached XP level 2. HP: 17/20 MP: 5/5
   776 | D:2      | Learned a level 2 spell: Blink
   811 | D:2      | Found Koptagosh's Antique Weapon Shoppe.
   931 | D:2      | Reached XP level 3. HP: 20/25 MP: 6/6
  1070 | D:2      | Reached XP level 4. HP: 31/31 MP: 7/7
  2081 | D:3      | Reached skill level 1 in Shields
  2516 | D:4      | Reached XP level 5. HP: 34/37 MP: 8/8
  2743 | D:4      | Reached XP level 6. HP: 43/43 MP: 9/9
  2885 | D:4      | Reached skill level 1 in Stealth
  3043 | D:4      | Reached skill level 2 in Stealth
  3435 | D:5      | Entered Level 5 of the Dungeon
  3468 | D:5      | Noticed an ice beast
  3492 | D:6      | Reached skill level 3 in Stealth
  3492 | D:6      | Reached XP level 7. HP: 13/48 MP: 10/10
  3794 | D:5      | Reached skill level 5 in Short Blades
  3794 | D:5      | Reached skill level 4 in Stealth
  4083 | D:5      | Noticed Prince Ribbit
  4091 | D:5      | Killed Prince Ribbit
  4092 | D:5      | Reached skill level 5 in Stealth
  4092 | D:5      | Reached XP level 8. HP: 24/54 MP: 11/11
  4247 | D:5      | Noticed Blork the orc
  4256 | D:5      | Killed Blork the orc
  4440 | D:5      | Reached skill level 6 in Stealth
  4621 | D:5      | Reached skill level 5 in Shields
  5475 | D:7      | Reached skill level 7 in Stealth
  5504 | D:7      | HP: 2/52 [wight/+2 halberd (16)]
  5504 | D:7      | Slain by a wight

Illustrated notes

Levels and vault maps discovered:
D:1:      tarquinn_simple_flora_water_e, layout_basic, minmay_pentomino_q2
D:2:      layout_basic, serial_shops, nicolae_shop_gibbet_a_chance
D:3:      layout_basic
D:4:      layout_loops_ring, st_stairs_12
D:5:      layout_gridville, kennysheep_generic_room_7, uniq_prince_ribbit1,
          uniq_blork_the_orc
D:6:      layout_rooms, gammafunk_temple_overflow_pools, st_stairs_10
D:7:      layout_loops_ring, jmf_multi_god_temple2, minmay_temple_entry_wispy,
          uniq_duvessa

Skill      XL: |  1  2  3  4  5  6  7  8 |
---------------+-------------------------+-----
Fighting       | 3 4 |  4.1
Short Blades   | 3 4 5 6 |  6.5
Shields        | 1 2 3 4 5 |  5.4
Stealth        | 3 5 7 |  7.0
Throwing       | |  1.0
Dodging        | |  2.3
Spellcasting   | |  2.0
Translocations | |  3.0

Action                     |  1- 3 |  4- 6 |  7- 9 || total
---------------------------+-------+-------+-------++-------
  Melee: Short sword       |    50 |   126 |   116 ||   292
         Tentacles         |    18 |    28 |    26 ||    72
         Constrict         |    16 |    20 |    18 ||    54
         Punch             |     2 |     1 |     3 ||     6
         Scimitar          |       |       |     1 ||     1
  Throw: Boomerang         |       |     4 |     2 ||     6
   Cast: Blink             |       |     1 |     2 ||     3
    Use: Scroll            |     2 |    11 |     3 ||    16
         Potion            |       |       |     2 ||     2
   Stab: Sleeping          |     3 |     8 |     7 ||    18
 Armour: Skin              |     2 |     8 |     5 ||    15
  Dodge: Dodged            |    21 |    67 |    37 ||   125
  Block: Kite shield       |       |       |    25 ||    25

Table legend: (Time is in decaauts)
 A = Elapsed time spent in this place.
 B = Non-inter-level travel time spent in this place.
 C = Inter-level travel time spent in this place.
 D = Time resting spent in this place.
 E = Time spent auto-exploring this place.
 F = Levels seen in this place.
 G = Mean time per level.
                   A        B        C        D        E       F      G
               +--------+--------+--------+--------+--------+-----+--------+
         Total |   5460 |   5141 |    319 |    134 |   4244 |   7 |  780.0 |
       Dungeon |   5460 |   5141 |    319 |    134 |   4244 |   7 |  780.0 |
               +--------+--------+--------+--------+--------+-----+--------+

Top non-repeatable levels by time:
     D:5: 1461 daAuts
     D:4: 1044 daAuts
     D:2: 1026 daAuts
     D:3: 828 daAuts
     D:1: 606 daAuts
     D:6: 413 daAuts
     D:7: 78 daAuts
